 Dungeon Crawl Stone Soup version 0.27.1 (webtiles) character file.

Game seed: 3719661412574797803

805 MajorAdolf the Sneak (level 7, -2/70 (72) HPs)
             Began as a Naga Wanderer on Aug 30, 2021.
             Slain by a wight (8 damage)
             ... on level 5 of the Dungeon.
             The game lasted 00:17:57 (9036 turns).

MajorAdolf the Sneak (Naga Wanderer)                Turns: 9036, Time: 00:17:58

HP:   -2/70 (72)    AC:  4    Str: 24    XL:     7   Next: 91%
MP:   7/7           EV: 11    Int: 13    God:
Gold: 190           SH:  0    Dex: 19    Spells: 6/6 levels left

rFire    . . .     SeeInvis +   o - +4 trident (freeze)
rCold    x . .     Faith    .   (no shield)
rNeg     . . .     Spirit   .   d - +0 robe
rPois    +         Reflect  .   n - +0 helmet of the Pleiades {rC- Str+9 Dex+8 Slay+2}
rElec    .         Harm     .   (no cloak)
rCorr    .         Rampage  .   (no gloves)
Will     .....                  (no barding)
Stlth    ++++......             (no amulet)
HPRegen  0.21/turn              e - ring of wizardry
MPRegen  0.10/turn              (no ring)

@: lightly drained, very slow
A: AC +2, large, see invisible, deformed body, poison resistance, slowness 2,
spit poison 1, naga tail 1
a: Spit Poison


You were on level 5 of the Dungeon.
You visited 1 branch of the dungeon, and saw 5 of its levels.

You collected 190 gold pieces.

Inventory:

Hand Weapons
 a - a +2 falchion
 c - a +1 dagger of holy wrath
 o - a +4 trident of freezing (weapon)
 v - a +1 vorpal hand axe
Armour
 d - a +0 robe (worn)
 n - the +0 helmet of the Pleiades (worn) {rC- Str+9 Dex+8 Slay+2}
   (You took it off Robin on level 2 of the Dungeon)

   Str:       It affects your strength (+9).
   Dex:       It affects your dexterity (+8).
   Slay:      It affects your accuracy & damage with ranged weapons and melee
   (+2).
   rC:        It makes you vulnerable to cold.
Magical Staves
 f - a staff of conjuration
Jewellery
 e - a ring of wizardry (left hand)
 j - an amulet of faith
Scrolls
 g - 3 scrolls of immolation {unknown}
 h - a scroll of noise {unknown}
 l - a scroll of summoning {unknown}
 p - a scroll of silence {unknown}
 q - 2 scrolls of identify {unknown}
 s - 3 scrolls of amnesia {unknown}
Potions
 b - 3 potions of curing
 i - 3 potions of lignification {unknown}
 k - 3 potions of heal wounds {unknown}
 m - a potion of haste {unknown}
 r - a potion of might {unknown}
 t - a potion of invisibility {unknown}
 u - a potion of resistance {unknown}


   Skills:
 + Level 7.0 Fighting
 - Level 2.0 Long Blades
 - Level 1.0 Axes
 - Level 1.5 Armour
 - Level 3.0 Dodging
 - Level 7.1 Stealth


You had 6 spell levels left.
You didn't know any spells.
Your spell library contained the following spells:

 Spells                   Type           Power      Damage    Failure   Level
 Sting                    Tmut/Pois      0%         1d3       12%         1
 Poisonous Vapours        Pois/Air       0%         N/A       19%         2
 Olgreb's Toxic Radiance  Pois           0%         N/A       73%         4


Dungeon Overview and Level Annotations

Branches:
Dungeon (5/15)
 Temple: D:4-7

Altars:

Annotations:
D:3 1 runed translucent door, Crazy Yiuf


Innate Abilities, Weirdness & Mutations

Your serpentine skin is tough. (AC +2)
You have supernaturally acute eyesight. (SInv)
Armour fits poorly on your strangely shaped body.
Your system is resistant to poisons. (rPois)
You cover ground very slowly.
You can spit poison.
You have a snake-like lower body.


Message History

There are monsters nearby!
A wight comes into view. It is wielding a +5 great sword.
You reach to attack!
You puncture the adder!
The adder seems to slow down.
You freeze the adder.
You kill the adder!
Your Fighting skill increases to level 7!
Unknown command.
Things that are here:
a +0 robe; a +0 morningstar You reach to attack!
You hit the wight.
The wight is lightly damaged.
You puncture the wight! You freeze the wight.
The wight is severely damaged.
The wight hits you with a +4 war axe of freezing!
The wight freezes you!
You barely miss the wight.
The wight is severely damaged.
The wight hits you with a +4 war axe of freezing!
The wight freezes you.
You closely miss the wight.
The wight is severely damaged.
The wight closely misses you.
You hit the wight but do no damage.
The wight is severely damaged.
The wight hits you with a +4 war axe of freezing!
The wight freezes you!
* * * LOW HITPOINT WARNING * * *
The wight closely misses you.
You closely miss the wight.
The wight is severely damaged.
The wight hits you with a +4 war axe of freezing!
* * * LOW HITPOINT WARNING * * *
You feel drained.
* * * LOW HITPOINT WARNING * * *
The wight freezes you.
* * * LOW HITPOINT WARNING * * *
You closely miss the wight.
The wight is severely damaged.
The wight hits you with a +4 war axe of freezing!
You die...

#.# #..# #.. #..# #.. #..#
..## #..# #####
##..#####..# #...# ....
....###...#
###.###.#####....'...#
.........z@.#.[###...######
###.###.###.#........'..(.#
#..##.##.#.....####.#
##.##....#<....####.#
..####.#.......##.# .z.
#.#........#.# ....
#.#........#.#
....##.#...........
...z...#...........


You could see a wight.

Vanquished Creatures
  2 black bears (D:4)
  2 scorpions (D:4)
  3 wights (D:5)
  A vampire bat (D:4)
  A hound (D:4)
  2 iguanas
  Natasha (thrice) (D:3 D:2)
  Terence (D:3)
  Robin (D:2)
  5 adders
  An adder skeleton (D:5)
  2 worms
  6 orcs (D:3)
  8 endoplasms
  2 giant cockroaches (D:2)
  14 goblins
  12 hobgoblins
  4 quokkas
  8 ball pythons
  11 bats
  5 frilled lizards
  5 kobolds (D:1)
  8 rats
107 creatures vanquished.

Notes
Turn   | Place    | Note
-------+----------+-------------------------------------------
     0 | D:1      | MajorAdolf the Naga Wanderer began the quest for the Orb.
     0 | D:1      | MajorAdolf set off with the following items: a +2 falchion,
                  | a potion of curing, a scroll of teleportation, a +0 robe, a
                  | +0 dagger
     0 | D:1      | Reached XP level 1. HP: 15/15 MP: 1/1
   222 | D:1      | Reached skill level 1 in Fighting
   222 | D:1      | Reached XP level 2. HP: 16/25 MP: 2/2
   367 | D:1      | Reached skill level 5 in Stealth
   703 | D:1      | Found a faded altar of an unknown god.
  1282 | D:2      | Reached XP level 3. HP: 9/32 MP: 3/3
  2633 | D:3      | Reached XP level 4. HP: 9/40 MP: 4/4
  3164 | D:3      | Identified the +0 helmet of the Pleiades {rC- Str+9 Dex+8
                  | Slay+2}
  3164 | D:3      | Noticed Robin
  3305 | D:3      | Noticed Terence
  3341 | D:3      | Killed Terence
  3351 | D:3      | Reached XP level 5. HP: 23/49 MP: 5/5
  3702 | D:3      | Noticed Natasha
  3707 | D:3      | Killed Natasha
  4429 | D:3      | Noticed Natasha
  4721 | D:2      | Killed Natasha
  5064 | D:2      | Noticed Natasha
  5070 | D:2      | Killed Natasha
  5071 | D:2      | Reached XP level 6. HP: 57/57 MP: 6/6
  5819 | D:2      | Killed Robin
  6185 | D:3      | Found a runed translucent door.
  6186 | D:3      | Noticed Crazy Yiuf
  7322 | D:4      | Noticed a black bear
  7337 | D:4      | Killed a black bear
  7338 | D:4      | Reached skill level 5 in Fighting
  7338 | D:4      | Reached XP level 7. HP: 41/67 MP: 7/7
  8178 | D:5      | Entered Level 5 of the Dungeon
  9036 | D:5      | Slain by a wight

Illustrated notes

Levels and vault maps discovered:
D:1:      beargit_arrival_greenhouse, layout_rooms,
          shapermc_ecumenical_altar_mp_urbaneastern, minmay_split_cup_small
D:2:      layout_basic, minmay_close_crescents
D:3:      layout_rooms, dk_noncrumbling_3, st_stairs_5, uniq_crazy_yiuf_cottage,
          uniq_natasha, uniq_terence, uniq_robin
D:4:      layout_basic, roderic_batcave
D:5:      layout_basic, uniq_prince_ribbit1, uniq_blork_the_orc

Skill      XL: |  1  2  3  4  5  6  7 |
---------------+----------------------+-----
Fighting       | 1 2 3 5 7 |  7.0
Stealth        | 5 6 7 |  7.1
Dodging        | 2 3 |  3.0
Long Blades    | |  2.0
Axes           | |  1.0
Armour         | |  1.5

Action                   |  1- 3 |  4- 6 |  7- 9 || total
-------------------------+-------+-------+-------++-------
Melee: Falchion          |    51 |    83 |    46 ||   180
       Trident           |       |       |     8 ||     8
 Abil: Spit Poison       |    44 |    42 |     5 ||    91
  Use: Scroll            |       |     2 |       ||     2
 Stab: Distracted        |       |     2 |     1 ||     3
       Sleeping          |       |     1 |     2 ||     3
Armor: Robe              |    13 |    32 |    28 ||    73
Dodge: Dodged            |    26 |    79 |    60 ||   165
       Rpst.: Falchion   |     4 |    21 |    17 ||    42
